 Dungeon Crawl Stone Soup version 0.21-a0-440-g28109cb (webtiles) character file.

119 Inectha the Grave Robber (level 5, 0/36 HPs)
             Began as a Human Necromancer on Nov 10, 2017.
             Slain by Sigmund
             ... wielding a +0 scythe
              (9 damage)
             ... on level 2 of the Dungeon.
             The game lasted 00:40:07 (2300 turns).

Inectha the Grave Robber (Human Necromancer)        Turns: 2300, Time: 00:40:08

Health: 0/36       AC:  3    Str:  8    XL:     5   Next: 23%
Magic:  4/9        EV: 12    Int: 17    God:
Gold:   109        SH:  0    Dex: 13    Spells: 2/10 levels left

rFire    + . .     SeeInvis .   g - +0 dagger
rCold    + . .     Gourm    .   (no shield)
rNeg     . . .     Faith    .   a - +0 robe
rPois    +         Spirit   .   (no helmet)
rElec    +         Reflect  .   (no cloak)
rCorr    +         Harm     .   (no gloves)
MR       .....                  d - +0 pair of boots
Stlth    +.........             (no amulet)
HPRegen  0.12/turn              (no ring)
MPRegen  0.11/turn              (no ring)

@: confused, resistant
A: no striking features
a: no special abilities


You were on level 2 of the Dungeon.
You were not hungry.

You visited 1 branch of the dungeon, and saw 2 of its levels.

You collected 109 gold pieces.

Inventory:

Hand Weapons
 f - a +0 spear
 g - a +0 dagger (weapon)
Missiles
 e - 55 bolts
 h - 23 arrows
 k - 12 stones
 r - 3 tomahawks (quivered)
Armour
 a - a +0 robe (worn)
 d - a +0 pair of boots (worn)
Jewellery
 u - an uncursed ring of flight {unknown}
Scrolls
 i - a scroll of fog
 n - 3 scrolls of teleportation {unknown}
 p - a scroll of noise {unknown}
 q - 3 scrolls of identify {unknown}
 t - a scroll of enchant weapon {unknown}
Potions
 l - a potion of ambrosia {unknown}
 m - a potion of flight {unknown}
 o - a potion of cancellation {unknown}
 w - a potion of lignification {unknown}
 x - a potion of might {unknown}
 z - a potion of mutation {unknown}
Books
 b - a book of Necromancy

   Spells                             Type                      Level
   a - Pain                           Necromancy                   1
   b - Animate Skeleton               Necromancy                   1
   c - Vampiric Draining              Necromancy                   3
   d - Regeneration                   Charms/Necromancy            3
   e - Animate Dead                   Necromancy                   4
   f - Control Undead                 Necromancy                   4
Comestibles
 c - 4 bread rations
 v - a meat ration


   Skills:
 + Level 0.5 Fighting
 + Level 0.8 Short Blades
 + Level 1.0 Polearms
 + Level 0.3 Throwing
 + Level 2.2 Dodging
 + Level 2.1 Stealth
 + Level 3.2 Spellcasting
 + Level 0.1 Charms
 + Level 4.7 Necromancy


You had 2 spell levels left.
You knew the following spells:

 Your Spells              Type           Power        Failure   Level  Hunger
a - Pain                  Necr           ###.         2%          1    None
b - Animate Skeleton      Necr           N/A          2%          1    None
c - Vampiric Draining     Necr           ###.......   7%          3    ###....
d - Regeneration          Chrm/Necr      ##........   19%         3    ###....


Dungeon Overview and Level Annotations

Branches:
Dungeon (2/15)

Altars:
The Shining One

Annotations:
D:2 Sigmund


Message History

Casting: Regeneration
Confirm with . or Enter, or press ? or * to list all spells.
Your skin crawls.
Your skin is crawling a little less now.
Your skin stops crawling.
You are confused.
You start resting.
You feel less confused. Something hits you. Something hits you.
You closely miss something. Something hits you!
* * * LOW HITPOINT WARNING * * *
You hear some strange, mumbled words.
You are confused.
You're too confused to cast spells.
It was a potion of resistance.
You feel protected. Something hits you!
You die...

#.##.#.#
#..####.......#####.#.# #
#.#.# #..#
##.#.##.......#.# # #..
...........##.#####.#..
#.#
##.#####.####.#...#.#.#
#.# .# ##.## #.#.#.#.#.#
#...# #.#.#.#.#.# # #...#
#.#.#...#.#
####.####...###.#.#####.#
........@{......#.......#
##..##...>......#.#####.#
#..........#.#...#..
####.......#.#.#.#..
#...##..#.#.#.#.%
#...##..#...#.#..
###.##..#####.#..
.#######.##<..........
.........##...........


There were no monsters in sight!

Vanquished Creatures
  A howler monkey (D:2)
  2 adders (D:2)
  An ooze (D:1)
  2 worms (D:2)
  A leopard gecko (D:2)
  A ball python (D:1)
  6 bats
  7 goblins
  10 hobgoblins
  2 jackals (D:1)
  3 frilled lizards
  7 kobolds
  5 rats
48 creatures vanquished.

Vanquished Creatures (collateral kills)
  A dart slug (D:1)
  A frilled lizard (D:1)
2 creatures vanquished.

Grand Total: 50 creatures vanquished

Notes
Turn   | Place    | Note
-------+----------+-------------------------------------------
     0 | D:1      | Inectha the Human Necromancer began the quest for the Orb.
     0 | D:1      | Reached XP level 1. HP: 13/13 MP: 3/3
    62 | D:1      | Learned a level 1 spell: Animate Skeleton
    67 | D:1      | Reached XP level 2. HP: 14/19 MP: 1/5
   361 | D:1      | Reached XP level 3. HP: 21/24 MP: 6/6
   741 | D:1      | Reached skill level 1 in Polearms
   807 | D:1      | Found a glowing golden altar of the Shining One.
  1544 | D:2      | Reached XP level 4. HP: 31/31 MP: 7/7
  1575 | D:2      | Learned a level 3 spell: Vampiric Draining
  1579 | D:2      | Learned a level 3 spell: Regeneration
  1940 | D:2      | Reached XP level 5. HP: 30/36 MP: 4/9
  2149 | D:2      | Noticed Sigmund
  2300 | D:2      | Slain by Sigmund

Vault maps used:
D:1:      matt_arrival_grand_opening, st_stairs_3, tso_metal_star
D:2:      marbit_many_paths, roderic_lattice_a, uniq_sigmund

Skill      XL: |  1  2  3  4 |
---------------+-------------+-----
Polearms       | 1 |  1.0
Spellcasting   | 3 |  3.2
Fighting       | |  0.5
Short Blades   | |  0.8
Throwing       | |  0.3
Dodging        | |  2.2
Stealth        | |  2.1
Charms         | |  0.1
Necromancy     | |  4.7

Action                   |  1- 3 |  4- 6 || total
-------------------------+-------+-------++-------
Melee: Spear             |    45 |       ||    45
       Dagger            |    51 |    29 ||    80
Throw: Stone             |     9 |       ||     9
       Tomahawk          |       |     3 ||     3
 Cast: Pain              |    30 |    31 ||    61
       Animate Skeleton  |     5 |     3 ||     8
       Vampiric Draining |       |     5 ||     5
       Regeneration      |       |     5 ||     5
  Use: Potion            |     3 |     1 ||     4
       Scroll            |     2 |       ||     2
  Eat: Chunk             |     2 |     4 ||     6
Armor: Robe              |    33 |    10 ||    43
Dodge: Dodged            |    90 |    17 ||   107

Table legend:
 A = Spawn XP
 B = Non-spawn XP
 C = Spawn XP percentage of total XP
 D = Spawn monster count
 E = Non-spawn monster count
 F = Spawn count percentage of total count
 G = Total turns spent on level
                    A         B        C        D         E        F      G
               +---------+---------+-------+---------+---------+-------+---------
         Total |       0 |     170 |   0.0 |       0 |      50 |   0.0 |  2300
               +---------+---------+-------+---------+---------+-------+---------
           D:1 |       0 |      58 |   0.0 |       0 |      31 |   0.0 |  1293
           D:2 |       0 |     112 |   0.0 |       0 |      19 |   0.0 |  1007
               +---------+---------+-------+---------+---------+-------+---------
